Map: Alcyone LE

Players

Jiffy - Winner!

  • Race: Protoss Protoss
  • League: Platinum
  • Spawn Location: 1:00

SubN

  • Race: Zerg Zerg
  • League: Diamond
  • Spawn Location: 7:00

VOD

Have the link to the VOD?

Description

Time

  • Played on: Jan. 21, 2024, 7:38 p.m.
  • Length: 15:14
Show
View Real Time Build Order
Export as new Build Order

Jiffy Protoss - Winner!

Build Orders: 1 Gate Expand, Zealot Archon 

Get SALT Encoding   

  12  0:00  Probe  
  13  0:12  Probe  
  14  0:21  Pylon  
  14  0:24  Probe  
  15  0:39  Probe  
  16  0:43  Gateway  
  16  0:51  Probe, Assimilator  
  17  1:03  Probe  
  18  1:13  Pylon  
  18  1:16  Probe  
  19  1:36  Nexus  
  19  1:43  Probe  
  20  1:53  Cybernetics Core  
  20  1:59  Pylon  
  20  2:01  Probe  
  21  2:13  Assimilator  
  21  2:14  Probe  
  22  2:26  Probe  
  22  2:27  Stalker (Chrono Boost)  
  25  2:32  Warp Gate  
  24  2:38  Probe  
  24  2:42  Pylon  
  25  2:49  Probe (Chrono Boost)  
  25  2:50  Probe (Chrono Boost)  
  27  2:53  Shield Battery  
  27  3:00  Stalker  
  27  3:01  Probe (Chrono Boost)  
  27  3:03  Probe (Chrono Boost)  
  31  3:09  Probe  
  32  3:13  Stargate, Probe  
  33  3:21  Probe  
  33  3:25  Probe  
  35  3:30  Twilight Council  
  35  3:33  Probe  
  36  3:37  Pylon, Probe  
  37  3:46  Probe  
  38  3:49  Probe  
  39  3:58  Probe  
  39  4:01  Gateway, Probe  
  45  4:04  Void Ray (Chrono Boost)  
  45  4:09  Charge  
  45  4:10  Probe  
  45  4:13  Probe, Assimilator  
  45  4:16  Assimilator  
  47  4:22  Sentry  
  49  4:24  Probe  
  49  4:25  Probe  
  51  4:36  Probe  
  51  4:38  Probe  
  53  4:39  Gateway x2  
  53  4:55  Gateway  
  53  4:57  Gateway  
  53  4:58  Phoenix, Gateway  
  53  5:04  Zealot  
  53  5:05  Zealot  
  53  5:06  Probe x2, Templar Archives  
  59  5:36  Zealot x4  
  67  5:45  Gateway  
  67  5:51  High Templar  
  67  5:54  Robotics Facility  
  67  5:55  Pylon  
  69  6:00  Pylon  
  69  6:04  Pylon  
  69  6:16  High Templar  
  69  6:17  High Templar  
  73  6:19  High Templar  
  73  6:21  High Templar  
  73  6:25  High Templar  
  79  6:26  Probe x2  
  81  6:33  Forge  
  81  6:36  Pylon  
  81  6:38  Probe x2  
  83  6:40  Pylon, Forge  
  83  6:42  Pylon  
  83  6:44  Archon x2  
  83  6:45  Archon  
  83  6:56  Nexus  
  83  6:57  Pylon  
  83  6:58  Warp Prism  
  83  7:01  Pylon  
  85  7:10  Zealot  
  85  7:11  Zealot x6  
  99  7:16  Protoss Ground Weapons Level 1  
  87  7:30  Protoss Ground Armor Level 1  
  87  7:36  Gateway  
  71  7:47  High Templar x2  
  71  7:48  High Templar x2  
  79  7:52  Archon  
  79  7:53  Archon  
  79  7:54  Gateway  
  79  8:04  Zealot x3  
  81  8:10  Probe x2  
  73  8:22  Probe x2  
  73  8:34  Probe x2  
  74  8:37  High Templar x2  
  74  8:38  High Templar  
  74  8:39  High Templar  
  74  8:40  Zealot  
  74  8:41  Zealot x2  
  89  8:46  Photon Cannon  
  85  8:49  Photon Cannon  
  85  8:57  Archon  
  85  8:58  Archon, Photon Cannon  
  85  9:00  Shield Battery  
  85  9:01  Probe x3, Photon Cannon  
  88  9:06  Shield Battery  
  88  9:09  Immortal  
  92  9:13  Probe x2  
  94  9:21  Probe  
  95  9:25  Probe x2  
  97  9:33  Probe  
  98  9:39  Zealot x3  
  98  9:40  Zealot  
  98  9:43  High Templar x2  
  98  9:44  High Templar x2  
  114  9:47  Archon  
  114  9:48  Archon  
  114  10:02  Assimilator  
  114  10:06  Assimilator  
  114  10:13  Zealot x4  
  122  10:22  Protoss Ground Weapons Level 2  
  122  10:23  Gateway  
  122  10:29  Gateway x2  
  122  10:38  Psionic Storm, Gateway  
  122  10:40  Pylon  
  122  10:42  Pylon  
  120  11:10  Zealot x4  
  120  11:11  Zealot x4  
  83  11:34  Zealot x8  
  91  12:00  High Templar  
  91  12:01  High Templar x6  
  97  12:03  Nexus  
  97  12:05  Pylon, Stalker x4  
  97  12:07  Probe  
  97  12:08  Pylon  
  114  12:09  Probe  
  115  12:16  Archon  
  115  12:27  Protoss Ground Armor Level 2  
  115  12:30  Probe x3  
  115  12:34  High Templar x2  
  122  12:38  Archon  
  122  12:40  Stalker x4  
  122  12:42  Probe  
  131  12:48  Immortal  
  135  13:13  Zealot x7  
  135  13:14  Zealot  
  119  13:35  Zealot x6  
  129  13:58  High Templar x7  
  129  14:02  Archon x2  
  143  14:03  Archon  
  143  14:09  Probe x2  
  145  14:16  Probe  
  146  14:21  Probe x2  
  144  14:28  Probe  
  125  14:33  Probe x2  
  123  14:40  Probe  
Show
View Real Time Build Order
Export as new Build Order

SubN Zerg 

Build Orders: Hatch First 

Get SALT Encoding   

  12  0:00  Drone  
  13  0:12  Overlord  
  13  0:16  Drone  
  14  0:30  Drone x2  
  16  0:52  Drone, Hatchery  
  16  0:56  Drone  
  17  1:00  Drone  
  18  1:06  Extractor  
  17  1:15  Spawning Pool  
  16  1:18  Drone  
  16  1:21  Drone  
  18  1:27  Drone  
  19  1:40  Drone  
  20  1:50  Overlord  
  20  2:03  Zergling x2  
  20  2:08  Queen x2  
  23  2:15  Metabolic Boost  
  25  2:17  Zergling x6  
  28  2:24  Drone  
  29  2:34  Drone x2  
  31  2:40  Drone  
  32  2:51  Hatchery  
  32  2:52  Queen  
  32  2:58  Overlord  
  33  3:05  Queen  
  35  3:20  Drone x6  
  41  3:30  Queen  
  43  3:35  Overlord  
  43  3:38  Overlord  
  44  3:41  Drone  
  44  3:53  Drone x6  
  50  3:57  Lair  
  50  4:04  Zergling x8  
  50  4:09  Queen  
  54  4:14  Drone x2  
  58  4:22  Queen  
  60  4:25  Extractor  
  59  4:32  Drone  
  59  4:33  Drone x2, Overlord  
  59  4:35  Overlord  
  62  4:43  Overlord x2  
  62  4:52  Queen  
  62  4:54  Drone x5  
  62  4:57  Overseer  
  62  4:58  Queen  
  71  5:05  Drone x2  
  73  5:07  Drone x3  
  73  5:09  Drone  
  73  5:10  Drone  
  78  5:23  Evolution Chamber  
  78  5:24  Drone x6  
  78  5:25  Evolution Chamber  
  82  5:34  Roach Warren, Queen  
  82  5:35  Drone  
  84  5:38  Baneling Nest  
  84  5:41  Drone x3, Extractor  
  85  5:43  Drone  
  85  5:44  Pneumatized Carapace  
  85  5:46  Drone  
  87  5:52  Infestation Pit  
  87  5:56  Zergling x8  
  90  5:59  Overlord x4  
  90  6:08  Zerg Melee Weapons Level 1  
  90  6:16  Hatchery  
  89  6:21  Zergling x2, Roach  
  89  6:22  Roach x3  
  98  6:28  Drone  
  98  6:32  Drone, Extractor  
  99  6:33  Drone x2  
  99  6:34  Centrifugal Hooks  
  101  6:42  Baneling x2  
  101  6:43  Baneling  
  101  6:45  Zergling x20  
  111  6:50  Extractor  
  110  6:57  Zerg Missile Weapons Level 1  
  103  7:06  Roach  
  103  7:07  Roach x4  
  110  7:09  Baneling  
  110  7:11  Baneling  
  110  7:12  Zergling x12  
  114  7:25  Glial Reconstitution  
  114  7:28  Roach  
  114  7:29  Roach x4  
  124  7:31  Zergling x2  
  124  7:32  Zergling x6  
  126  7:48  Zergling x2  
  126  7:50  Overlord x4  
  126  7:51  Overlord x2  
  127  7:52  Queen  
  102  8:13  Drone  
  97  8:24  Hydralisk Den  
  94  8:27  Roach  
  94  8:28  Roach x16  
  94  8:29  Roach x2  
  130  8:38  Drone x6  
  136  8:51  Drone  
  136  8:52  Drone x3  
  140  8:55  Extractor  
  140  9:02  Overseer  
  139  9:05  Overseer  
  139  9:06  Zerg Melee Weapons Level 2  
  139  9:07  Zerg Missile Weapons Level 2  
  139  9:08  Muscular Augments  
  139  9:11  Hive  
  139  9:14  Overlord x4  
  139  9:15  Overlord  
  139  9:21  Drone x3  
  139  9:22  Drone x9  
  151  9:26  Drone, Extractor  
  151  9:29  Drone x3  
  154  9:43  Hydralisk x8  
  154  9:44  Hydralisk x4  
  178  9:48  Ravager  
  179  9:53  Hatchery  
  179  9:56  Drone  
  179  9:57  Drone  
  180  10:02  Overseer  
  180  10:05  Hydralisk x3  
  180  10:06  Hydralisk x2  
  180  10:07  Extractor  
  189  10:09  Extractor  
  189  10:12  Grooved Spines  
  188  10:45  Hydralisk  
  188  10:46  Viper x3  
  199  11:09  Overlord  
  199  11:10  Overlord x3  
  196  11:15  Queen  
  196  11:17  Overlord x4  
  198  11:23  Zerg Ground Armor Level 1  
  156  11:37  Hydralisk  
  156  11:38  Hydralisk x9  
  151  11:41  Zergling x2  
  151  11:42  Zergling x16  
  160  12:04  Infestor x4  
  168  12:09  Zergling x16  
  168  12:13  Baneling x6  
  168  12:14  Baneling x9  
  168  12:15  Zergling x8  
  180  12:18  Neural Parasite  
  180  12:19  Adrenal Glands  
  180  12:21  Zerg Melee Weapons Level 3  
  180  12:30  Overlord x2  
  180  12:31  Overseer  
  180  12:32  Overseer  
  180  12:34  Overseer x2  
  180  12:42  Drone  
  177  13:07  Hatchery  
  177  13:08  Extractor x2  
  141  13:47  Viper x2  
  107  13:56  Hydralisk x8  
  107  13:58  Hydralisk x4  
  107  13:59  Hydralisk x2  
  107  14:01  Zergling x16  
  143  14:16  Ultralisk Cavern  
  142  14:20  Lurker Den  
  135  14:30  Hydralisk  
  135  14:31  Hydralisk x7  
  91  14:41  Zergling x2  
  91  14:42  Zergling x12  
  79  14:47  Zergling x2  
  79  14:48  Zergling x2  
Tags
 
Add a new tag
Caveats
  • Supply blocks, unpowered buildings, or Contaminate may cause inaccurate times.
  • Supply counts are checked every 10 seconds.